 Dungeon Sprint DCSS version 0.30.1-6-gbe392663c4 (webtiles) character file.

Game seed: 10691794477303421602

12793 Heoruswealwe the Phalangite (level 11, -6/118 HPs)
             Began as a Minotaur Fighter on Sept 20, 2023.
             Was the Champion of the Shining One.
             Mangled by an orc knight
             ... wielding a +0 great mace
              (26 damage)
             ... in the Dungeon (Sprint IX: "|||||||||||||||||||||||||||||").
             The game lasted 00:16:24 (1744 turns).

Heoruswealwe the Phalangite (Minotaur Fighter)      Turns: 1744, Time: 00:16:25

Health: -6/118     AC: 22    Str: 28    XL:     11   Next: 67%
Magic:  10/10      EV: 10    Int:  5    God:    the Shining One [******]
Gold:   1284       SH:  0    Dex: 10    Spells: 10/10 levels left

rFire   . . .        b - +0 bardiche
rCold   . . .        (shield currently unavailable)
rNeg    + + +        c - +0 plate armour
rPois   .            g - +1 hat
rElec   .            h - +0 cloak
rCorr   .            f - +0 pair of gloves
SInv    .            (no boots)
Will    .....        (no amulet) Stlth
                     k - +2 ring of evasion
HPRegen 0.39/turn    j - +3 ring of strength
MPRegen 0.12/turn

%: no teleportation
@: mighty, hasted, glowing, very quick
A: horns 2, retaliatory headbutt
a: Renounce Religion, Divine Shield, Cleansing Flame, Summon Divine Warrior,
Brand Weapon With Holy Wrath


You were in the Dungeon.
You worshipped the Shining One.
The Shining One was exalted by your worship.
You visited 1 branch You collected 1284 gold pieces.

Inventory:

Hand Weapons
 a - a +0 trident
 b - a +0 bardiche (weapon)
Armour
 c - a +0 plate armour (worn)
 d - a +0 buckler
 f - a +0 pair of gloves (worn)
 g - a +1 hat (worn)
 h - a +0 cloak (worn)
Jewellery
 j - a +3 ring of strength (right hand)
 k - a +2 ring of evasion (left hand)
Wands
 q - a wand of light (10)
Scrolls
 m - 2 scrolls of blinking
 n - 3 scrolls of identify
 o - 4 scrolls of enchant weapon
Potions
 i - 2 potions of berserk rage


   Skills:
 + Level 17.9 Fighting
 * Level 24.0 Polearms
 + Level 17.9 Armour
 - Level 3.6 Shields


You had 10 spell levels left.
You didn't know any spells.
Your spell library contained the following spells:

 Spells                   Type           Power      Damage    Failure   Level
 Frozen Ramparts          Ice            0%         1d1       100%        3
 Ice Form                 Ice/Tmut       0%         N/A       100%        4
 Summon Ice Beast         Ice/Summ       0%         N/A       100%        4


Dungeon Overview and Level Annotations

Branches:
Dungeon (1/1)

Altars:
Cheibriados
Dithmenos
Elyvilon
Fedhas
Gozag
Hepliaklqana
Kikubaaqudgha
Makhleb
Nemelex Xobeh
Okawaru
Qazlal
Ru
Sif Muna
Trog
Uskayaw
Vehumet
Wu Jian
Xom
Yredelemnul
Zin
The Shining One
Jiyva
Lugonu

Shops:
D :


Innate Abilities, Weirdness & Mutations

You have a pair of horns on your head.
You reflexively headbutt those who attack you in melee.


Message History

An orc high priest comes into view. It is wielding a +0 scimitar.
You slice the orc high priest!!
You kill the orc high priest!
The Shining One accepts your kill.
The orc high priest utters an invocation to Beogh.
You open the orc knight like a pillowcase!!!
The orc knight is severely wounded.
You hear a shout!
You hit the orc knight but do no damage.
You headbutt the orc knight!
The orc knight is severely wounded.
The orc knight hits you with a +0 war axe!!
You carve the orc knight like a ham!!!
You kill the orc knight!
The orc high priest calls down the wrath of Beogh upon you.
Beogh smites you!
You closely miss the orc knight.
The orc high priest mumbles some strange prayers to Beogh against you.
Beogh smites you!
The orc knight hits you but does no damage.
You hit the orc knight but do no damage.
You slice the orc knight!!
The orc knight is heavily wounded.
The orc knight hits you with a +0 great mace of draining!
You slash the orc knight!
The orc knight is severely wounded.
An orc high priest comes into view. It is wielding a +0 mace.
The orc knight hits you with a +0 great mace of draining!
* * * LOW HITPOINT WARNING * * *
You slash the orc knight! Your headbutt misses the orc knight.
The orc knight is severely wounded.
The orc knight hits you with a +0 great mace of draining!
* * * LOW HITPOINT WARNING * * *
You slice the orc knight!!
You kill the orc knight!
Your Polearms skill increases to level 24!
You feel yourself speed up.
You feel very mighty all of a sudden.
The orc knight hits you with a +0 great mace!!
You die...

▓▓▓▓▓▓▓▓▓▓▓▓▓▓▓▓▓▓▓▓▓▓▓▓
...)))))...)))..@oo$oo$∩
▓▓▓▓▓▓▓▓▓▓▓▓▓▓▓▓▓▓▓▓▓▓▓▓▓▓▓▓▓▓▓▓▓
.............................†...
▓▓▓▓▓▓▓▓▓▓▓▓▓▓▓▓▓▓▓▓▓▓▓▓▓▓▓▓▓▓▓▓▓
........†.........†.........!..'.
▓▓▓▓▓▓▓▓▓▓▓▓▓▓▓▓▓▓▓▓▓▓▓▓▓▓▓▓▓▓▓▓▓
.................................
▓▓▓▓▓▓▓▓▓▓▓▓▓▓▓▓▓▓▓▓▓▓▓▓▓▓▓▓▓▓▓▓▓
__________________'!?)[[[...))[..


You could see 2 orc knights and 2 orc high priests.

Vanquished Creatures
  Gastronok (D)
  A two-headed ogre (D)
  Urug (D)
  2 orc high priests (D)
  2 skysharks (D)
  5 orc knights (D)
  A manticore (D)
  A cyclops (D)
  3 cane toads (D)
  A tengu conjurer (D)
  5 komodo dragons (D)
  3 yaks (D)
  2 basilisks (D)
  2 wargs (D)
  3 water moccasins (D)
  4 hell hounds (D)
  10 orc warriors (D)
  A centaur (D)
  2 wolves (D)
  A bullfrog (D)
  A scorpion (D)
  A wight (D)
  A killer bee (D)
  A howler monkey (D)
  2 orc priests (D)
  3 orc wizards (D)
  2 adders (D)
  An ufetubus (D)
  10 orcs (D)
  A ball python (D)
  2 kobolds (D)
  A frilled lizard (D)
  A rat (D)
78 creatures vanquished.

Notes
Turn   | Place    | Note
-------+----------+-------------------------------------------
     0 | D        | Heoruswealwe the Minotaur Fighter began the quest for the
                  | Orb.
     0 | D        | Reached XP level 1. HP: 19/19 MP: 0/0
     8 | D        | Reached skill level 3 in Polearms
    30 | D        | Noticed a scorpion
    34 | D        | Killed a scorpion
    35 | D        | Reached skill level 5 in Fighting
    35 | D        | Reached skill level 6 in Polearms
    35 | D        | Reached skill level 5 in Armour
    35 | D        | Reached XP level 2. HP: 18/30 MP: 1/1
    35 | D        | Reached XP level 3. HP: 23/37 MP: 2/2
    37 | D        | Reached skill level 7 in Polearms
    37 | D        | Reached XP level 4. HP: 24/44 MP: 3/3
    54 | D        | Found a snail-covered altar of Cheibriados.
    54 | D        | Found a shadowy altar of Dithmenos.
    54 | D        | Found a white marble altar of Elyvilon.
    54 | D        | Found a blossoming altar of Fedhas.
    54 | D        | Found an opulent altar of Gozag.
    55 | D        | Found a hazy altar of Hepliaklqana.
    56 | D        | Found a viscous altar of Jiyva.
    57 | D        | Found an ancient bone altar of Kikubaaqudgha.
    58 | D        | Found a corrupted altar of Lugonu.
    59 | D        | Found a burning altar of Makhleb.
    60 | D        | Found a sparkling altar of Nemelex Xobeh.
    61 | D        | Found an iron altar of Okawaru.
    62 | D        | Found a stormy altar of Qazlal.
    63 | D        | Found a sacrificial altar of Ru.
    64 | D        | Found a shimmering blue altar of Sif Muna.
    65 | D        | Found a bloodstained altar of Trog.
    66 | D        | Found a hide-covered altar of Uskayaw.
    67 | D        | Found a radiant altar of Vehumet.
    68 | D        | Found an ornate altar of the Wu Jian Council.
    69 | D        | Found a shimmering altar of Xom.
    70 | D        | Found a basalt altar of Yredelemnul.
    71 | D        | Found a glowing silver altar of Zin.
    72 | D        | Found a glowing golden altar of the Shining One.
    80 | D        | Became a worshipper of the Shining One
   145 | D        | Noticed an orc warrior
   145 | D        | Reached * piety under the Shining One
   145 | D        | Noticed a centaur
   145 | D        | Noticed an orc warrior
   147 | D        | Reached skill level 8 in Polearms
   154 | D        | Killed an orc warrior
   155 | D        | Reached skill level 10 in Polearms
   155 | D        | Reached XP level 5. HP: 28/53 MP: 4/4
   160 | D        | Reached skill level 11 in Polearms
   160 | D        | Reached XP level 6. HP: 13/62 MP: 5/5
   170 | D        | Killed an orc warrior
   171 | D        | Reached skill level 12 in Polearms
   301 | D        | Noticed a two-headed ogre
   301 | D        | Reached ** piety under the Shining One
   301 | D        | Noticed a cyclops
   301 | D        | Noticed a tengu conjurer
   301 | D        | Noticed a basilisk
   301 | D        | Noticed a manticore
   301 | D        | Reached *** piety under the Shining One
   307 | D        | Killed a two-headed ogre
   308 | D        | Reached skill level 14 in Polearms
   308 | D        | Reached XP level 7. HP: 40/74 MP: 6/6
   308 | D        | Reached XP level 8. HP: 44/82 MP: 7/7
   312 | D        | Killed a cyclops
   313 | D        | Reached skill level 15 in Polearms
   322 | D        | Killed a tengu conjurer
   323 | D        | Reached skill level 16 in Polearms
   331 | D        | Killed a manticore
   332 | D        | Reached skill level 17 in Polearms
   332 | D        | Reached XP level 9. HP: 7/92 MP: 8/8
   684 | D        | Noticed a cane toad
   684 | D        | Noticed a komodo dragon
   684 | D        | Noticed a komodo dragon
   684 | D        | Noticed a komodo dragon
   686 | D        | Noticed a komodo dragon
   686 | D        | Reached **** piety under the Shining One
   687 | D        | Killed a cane toad
   691 | D        | Killed a komodo dragon
   692 | D        | Reached skill level 18 in Polearms
   694 | D        | Killed a komodo dragon
   695 | D        | Noticed a skyshark
   704 | D        | Killed a komodo dragon
   707 | D        | Killed a komodo dragon
   708 | D        | Reached skill level 19 in Polearms
   712 | D        | Killed a skyshark
   713 | D        | Reached XP level 10. HP: 14/104 MP: 9/9
   967 | D        | Noticed a cane toad
   967 | D        | Noticed a cane toad
   967 | D        | Reached ***** piety under the Shining One
   967 | D        | Noticed a skyshark
   972 | D        | Killed a cane toad
   973 | D        | Reached skill level 20 in Polearms
   976 | D        | Reached skill level 15 in Fighting
   976 | D        | Reached skill level 15 in Armour
   977 | D        | Killed a cane toad
   986 | D        | Killed a skyshark
   994 | D        | Reached skill level 21 in Polearms
  1032 | D        | Reached ****** piety under the Shining One
  1205 | D        | Noticed Gastronok
  1217 | D        | Killed Gastronok
  1218 | D        | Reached skill level 22 in Polearms
  1218 | D        | Reached XP level 11. HP: 69/115 MP: 10/10
  1252 | D        | Noticed Urug
  1266 | D        | Killed Urug
  1491 | D        | Noticed an orc knight
  1491 | D        | Noticed an orc knight
  1491 | D        | Noticed an orc knight
  1496 | D        | Killed an orc knight
  1505 | D        | Killed an orc knight
  1516 | D        | Killed an orc knight
  1517 | D        | Reached skill level 23 in Polearms
  1549 | D        | Noticed an orc high priest
  1558 | D        | Killed an orc high priest
  1731 | D        | Found Olimotoepn's Book Emporium.
  1731 | D        | Noticed an orc high priest
  1731 | D        | Noticed an orc knight
  1731 | D        | Noticed an orc knight
  1731 | D        | Noticed an orc knight
  1731 | D        | Noticed an orc knight
  1732 | D        | Noticed an orc high priest
  1733 | D        | Killed an orc high priest
  1736 | D        | Killed an orc knight
  1740 | D        | Noticed an orc high priest
  1742 | D        | Killed an orc knight
  1743 | D        | Reached skill level 24 in Polearms
  1744 | D        | Mangled by an orc knight

Illustrated notes

Levels and vault maps discovered:
D:        linesprint [early_d, line_temple, items_1, d_10, items_2, lair_1,
          lair_end, items_3, orc_1, orc_end, items_4, d_15, swamp_1, shoals_1,
          snake_1, spider_1, d_20, vaults_1, items_5, swamp_end, shoals_end,
          snake_end, spider_end, vaults_end, d_27, items_6, zot_1, zot_end,
          crypt_end, forest_end, elf_end, slime_end, tomb_end, abyss_end,
          pan_hell_end]

Skill      XL: |  1  2  3  4  5  6  7  8  9 10 11 |
---------------+----------------------------------+-----
Polearms       | 6 7 10 11 14 17 19 22 24 | 24.0
Fighting       | 5 7 8 11 12 14 16 17 | 17.9
Armour         | 5 7 8 11 12 14 16 17 | 17.9
Shields        | |  3.6

Action                     |  1- 3 |  4- 6 |  7- 9 | 10-12 || total
---------------------------+-------+-------+-------+-------++-------
  Melee: Trident           |    20 |    11 |       |       ||    31
         Headbutt          |     3 |     6 |     5 |    31 ||    45
         Halberd           |       |    29 |    50 |   133 ||   212
         Bardiche          |       |       |       |    11 ||    11
    Use: Potion            |       |     1 |       |    14 ||    15
 Armour: Scale mail        |     5 |     5 |       |       ||    10
         Chain mail        |       |     6 |       |       ||     6
         Plate armour      |       |     1 |    15 |    29 ||    45
  Dodge: Dodged            |     6 |    21 |    11 |    25 ||    63
  Block: Buckler           |     2 |     1 |       |       ||     3
